 Dungeon Crawl Stone Soup version 0.29-a0-371-g91724d5b39 (webtiles) character file.

Game seed: 10062853869653397346

7 croobank the Sneak (level 2, -3/21 HPs)
             Began as an Octopode Delver on May 2, 2022.
             Slain by an orc
             ... wielding a +0 short sword
              (6 damage)
             ... on level 5 of the Dungeon.
             The game lasted 00:02:48 (303 turns).

croobank the Sneak (Octopode Delver)                 Turns: 303, Time: 00:02:49

Health: -3/21      AC:  1    Str: 11    XL:     2   Next: 4%
Magic:  2/2        EV: 13    Int: 12    God:
Gold:   29         SH:  0    Dex: 13    Spells: 1/1 levels left

rFire   . . .      SeeInvis .   g - +0 executioner's axe
rCold   . . .      Faith    .   (shield currently unavailable)
rNeg    . . .      Spirit   .   (helmet restricted)
rPois   .          Reflect  .   (no amulet)
rElec   .          Harm     .   (no ring)
rCorr   .          Rampage  .   (no ring)
Will    .....                   (no ring)
Stlth   ++++......              (no ring)
HPRegen 0.07/turn               (no ring)
MPRegen 0.08/turn               (no ring)
                                (no ring)
                                (no ring)

@: no status effects
A: almost no armour, amphibious, 8 rings, camouflage 1, gelatinous body 1,
(nimble swimmer 1), tentacles
a: no special abilities


You were on level 5 of the Dungeon.
You visited 2 branches of the dungeon, and saw 2 of its levels.

You collected 29 gold pieces.

Inventory:

Hand Weapons
 a - a +0 hand axe
 g - a +0 executioner's axe (weapon)
Wands
 f - a wand of digging (3)
Scrolls
 b - a scroll of fog
 c - a scroll of magic mapping
 d - a scroll of fear
 h - a scroll of identify {unknown}
 i - a scroll of vulnerability {unknown}
Potions
 e - a potion of haste


   Skills:
 + Level 3.1 Fighting
 + Level 2.1 Axes
 + Level 2.1 Dodging
 + Level 6.7 Stealth


You had one spell level left.
You didn't know any spells.
Your spell library was empty.

Dungeon Overview and Level Annotations

Branches:
Dungeon (5/15)             Temple (1/1) D:5

Altars:
Ashenzari
Elyvilon
Hepliaklqana
Kikubaaqudgha
Makhleb
Qazlal
Sif Muna
Trog
Uskayaw
Wu Jian
Xom
Zin
The Shining One

Annotations:
D:5 Ijyb


Innate Abilities, Weirdness & Mutations

You cannot wear most types of armour.
You are amphibious.
You can wear up to eight rings at the same time.
Your skin changes colour to match your surroundings (Stealth+).
Your rubbery body absorbs attacks. (AC +1, EV +1)
((You are camouflaged when in or above water. (Stealth+)))
You have tentacles for arms and can constrict up to eight enemies at once.


Message History

An orc comes into view. It is wielding a +0 hand axe.
Found a dark potion.
The orc shouts!
You hear a shout!
An orc comes into view. It is wielding a +0 short sword.
You see here a scroll labelled XACUF HIUN.
i - a scroll labelled XACUF HIUN
As you read the scroll of magic mapping, it crumbles to dust.
You feel aware of your surroundings.
You sensed 1 altar, and 1 shop/portal.
The orc misses you.
The orc shouts!
The orc wizard shouts!
You hear a shout!
The orc attacks as you move away! The orc closely misses you.
The orc attacks as you move away! The orc closely misses you.
Ijyb the Twisted Goblin comes into view.
She is wielding a +0 dagger and carrying a wand of acid (11).
You closely miss the orc. Your grab misses the orc. You squeeze the orc.
The orc is severely wounded.
The orc hits you with a +0 hand axe! Ijyb hits you with a +0 dagger.
The orc misses you.
You hit Ijyb. You grab Ijyb. Your squeeze misses Ijyb.
Ijyb is lightly wounded.
You slash the orc!
You kill the orc!
You constrict Ijyb, but do no damage. Ijyb closely misses you.
A centaur comes into view.
Ijyb hits you with a +0 dagger.
* * * LOW HITPOINT WARNING * * *
The orc misses you.
An orc comes into view. It is wielding a +0 mace.
You have reached level 2!
The orc shouts!
You hit Ijyb but do no damage. You squeeze Ijyb, but do no damage.
Ijyb is lightly wounded.
You barely miss the orc. You constrict Ijyb, but do no damage.
You hear a shout!
Ijyb closely misses you. The orc hits you with a +0 short sword.
* * * LOW HITPOINT WARNING * * *
The orc wizard gestures wildly while chanting.
The orc wizard flickers and vanishes!
Deactivating autopickup; reactivate with Ctrl-A.
The orc hits you with a +0 short sword.
You die...

*,*,,,,,,,,,*,,,,,*,##,....
*,,,,,,,,,§§......#...o##..
*,,§,,,_,,§§......o..#.....
*,,..,,,,,,§.......#.#.##..
***.§§,,,,,,#..!...#......#
*#.§.,,,,*#.o......##.>..
*#..§,,**#.....##......#
*#...####.o......#.##..
#...g@o{c....##.#....#
###########........#..
#..##.##.#.. ##..........
######....# ####.# #.# #[#
#.#


You could see Ijyb, a centaur and 2 orcs.

Vanquished Creatures
  An orc (D:5)
  3 jackals (D:5)
  A quokka (D:5)
5 creatures vanquished.

Notes
Turn   | Place    | Note
-------+----------+-------------------------------------------
     0 | D:5      | croobank the Octopode Delver began the quest for the Orb.
     0 | D:5      | Reached XP level 1. HP: 16/16 MP: 1/1
    51 | D:5      | Found a staircase to the Ecumenical Temple.
   198 | D:5      | Noticed an orc wizard
   208 | Temple   | Entered the Ecumenical Temple
   289 | D:5      | Noticed an orc wizard
   300 | D:5      | Noticed Ijyb
   302 | D:5      | Noticed a centaur
   303 | D:5      | Reached XP level 2. HP: 5/21 MP: 2/2
   303 | D:5      | Slain by an orc

Illustrated notes

Levels and vault maps discovered:
D:5:      layout_basic, nicolae_dithmenos_the_darkroom,
          minmay_temple_entry_ruins, serial_shops, nicolae_shop_stone,
          uniq_ijyb, uniq_eustachio
Temple:   cyrus_circular_temple

Action                   || total
-------------------------++-------
Melee: Executioner's axe ||     8
       Tentacles         ||     3
       Constrict         ||     1
  Use: Scroll            ||     1
 Stab: Sleeping          ||     1
Armor: Skin              ||     2
Dodge: Dodged            ||    14

Table legend: (Time is in decaauts)
 A = Elapsed time spent in this place.
 B = Non-inter-level travel time spent in this place.
 C = Inter-level travel time spent in this place.
 D = Time resting spent in this place.
 E = Time spent auto-exploring this place.
 F = Levels seen in this place.
 G = Mean time per level.
                   A        B        C        D        E       F      G
               +--------+--------+--------+--------+--------+-----+--------+
         Total |    308 |    296 |     12 |    138 |     58 |   2 |  154.0 |
       Dungeon |    252 |    251 |      1 |    138 |     20 |   1 |  252.0 |
        Temple |     55 |     44 |     11 |      0 |     38 |   1 |   55.0 |
               +--------+--------+--------+--------+--------+-----+--------+

Top non-repeatable levels by time:
     D:5: 252 daAuts
  Temple: 55 daAuts
